 Dungeon Crawl Stone Soup version 0.21.0-24-g2553a33 (webtiles) character file.

218169 theanonym the Severer (level 19, -1/128 HPs)
             Began as a Tengu Berserker on Jan 20, 2018.
             Was a High Priest of Trog.
             Slain by a snapping turtle (57 damage)
             ... on level 2 of the Shoals on Jan 21, 2018.
             The game lasted 01:32:24 (31412 turns).

theanonym the Severer (Tengu Berserker)            Turns: 31412, Time: 01:32:25

Health: -1/128     AC: 34    Str: 31    XL:     19   Next: 10%
Magic:  16/16      EV: 16    Int:  8    God:    Trog [*****.]
Gold:   1075       SH:  0    Dex: 13    Spells: 18/18 levels left

rFire    + + .     SeeInvis .   a - +4 broad axe (protect) {god gift, MP-66%}
rCold    + . .     Gourm    .   K - +0 shield
rNeg     + . .     Faith    .   F - +2 plate armour {rF+} {18}
rPois    .         Spirit   .   s - +2 hat
rElec    .         Reflect  +   B - +0 cloak
rCorr    .         Harm     .   t - +2 pair of gloves
MR       +++..                  (boots unavailable)
Stlth    ..........             G - +6 amulet of reflection
HPRegen  1.31/turn              H - +5 ring of strength
MPRegen  0.15/turn              u - ring of Xycsug {rF+ rC+ rN+}

@: lethally poisoned (-1 -> -1), sleeping, protection aura, flying quickly and
evasively, regenerating, quick
A: beak, talons 3, low mp 2, able to fly 2
}: 1/15 runes: serpentine
a: Stop Flying, Berserk, Trog's Hand, Brothers in Arms, Burn Spellbooks,
Renounce Religion


Innate Abilities, Weirdness & Mutations

You have a beak for a mouth.
You have claws for feet.
You can fly continuously.
Your magical capacity is very low. (-20% MP)


   Skills:
 + Level 17.3 Fighting
 - Level 18.0 Axes
 + Level 16.7 Armour
 + Level 10.2 Dodging
 - Level 15.0 Shields


You had 18 spell levels left.
You didn't know any spells.

Skill      XL: |  1  2  3  4  5  6  7  8  9 10 11 12 13 14 15 16 17 18 19 |
---------------+----------------------------------------------------------+-----
Axes           | 4 5 6 7 8 9 11 12 14 15 16 18 | 18.0
Fighting       | 4 5 6 7 8 9 10 11 12 14 15 16 17 | 17.3
Shields        | 1 3 4 5 7 8 10 11 13 15 | 15.0
Armour         | 4 6 7 9 10 11 13 14 15 16 | 16.7
Dodging        | 4 5 6 9 10 | 10.2

Action                   |  1- 3 |  4- 6 |  7- 9 | 10-12 | 13-15 | 16-18 | 19-21 || total
-------------------------+-------+-------+-------+-------+-------+-------+-------++-------
Melee: Hand axe          |    46 |   120 |    37 |       |       |       |       ||   203
       Peck              |    11 |    19 |    35 |   125 |   259 |   309 |     6 ||   764
       Kick              |    14 |    37 |    80 |   192 |   405 |   519 |    12 ||  1259
       War axe           |       |       |   204 |   570 |       |       |       ||   774
       Broad axe         |       |       |       |    43 |  1100 |  1299 |    41 ||  2483
Throw: Throwing net      |       |       |       |     1 |       |     4 |       ||     5
       Tomahawk          |       |       |       |       |       |     2 |       ||     2
Invok: Berserk           |     2 |     3 |     7 |    14 |    18 |    11 |       ||    55
       Trog's Hand       |       |       |     2 |    10 |    20 |    34 |     2 ||    68
       Burn Spellbooks   |       |       |       |       |     3 |     4 |       ||     7
 Abil: Fly               |       |     1 |    14 |    17 |     2 |       |       ||    34
Evoke: Wand              |       |       |    17 |    15 |     3 |     2 |       ||    37
       Lamp of fire      |       |       |       |       |       |     1 |       ||     1
  Use: Scroll            |       |       |    14 |    13 |     8 |    10 |     1 ||    46
       Potion            |       |       |     2 |     4 |     1 |     2 |       ||     9
 Stab: Sleeping          |     2 |       |       |       |       |       |       ||     2
       Confused          |       |       |       |     2 |       |       |       ||     2
       Invisible         |       |       |       |       |    13 |       |       ||    13
       Distracted        |       |       |       |       |       |     1 |       ||     1
       Held in net/web   |       |       |       |       |       |     1 |       ||     1
  Eat: Chunk             |     1 |    10 |    10 |    37 |    38 |    35 |     1 ||   132
       Ration            |       |     1 |     5 |       |     5 |     5 |       ||    16
Armor: Animal skin       |     8 |       |       |       |       |       |       ||     8
       Scale mail        |     1 |    40 |       |       |       |       |       ||    41
       Chain mail        |       |       |   109 |   126 |       |       |       ||   235
       Plate armour      |       |       |       |   110 |   385 |   410 |     3 ||   908
Dodge: Dodged            |    19 |    53 |   102 |   184 |   272 |   350 |     8 ||   988
Block: Buckler           |       |       |    32 |    30 |       |       |       ||    62
       Shield            |       |       |       |   175 |   716 |  1202 |    30 ||  2123
       Reflection        |       |       |       |       |    27 |   135 |       ||   162

Inventory:

Hand Weapons
 a - a +4 broad axe of protection (weapon) {god gift, MP-66%}
   (Trog gifted it to you on level 1 of the Lair of Beasts)
 i - a +4 antimagic executioner's axe {god gift, MP-66%}
   (Trog gifted it to you on level 11 of the Dungeon)
 J - a +6 executioner's axe of chopping {god gift}
   (Trog gifted it to you on level 4 of the Lair of Beasts)
Missiles
 o - 3 tomahawks of dispersal (quivered) {god gift}
Armour
 c - a +1 plate armour of cold resistance {18}
   (You took it off an orc warrior on level 2 of the Orcish Mines)
 s - a +2 hat (worn)
   (You found it on level 4 of the Snake Pit)
 t - a +2 pair of gloves (worn)
   (You found it on level 11 of the Dungeon)
 B - a +0 cloak (worn)
   (You took it off Maurice on level 2 of the Orcish Mines)
 F - a +2 plate armour of fire resistance (worn) {18}
   (You took it off a vault guard on level 13 of the Dungeon)
 K - a +0 shield (worn)
   (You took it off a gnoll sergeant on level 10 of the Dungeon)
Jewellery
 h - an uncursed ring of positive energy {rN+rN+}
   (You found it on level 8 of the Dungeon)
 k - the ring "Zipna" {+Inv rPois Dex-2 SInv}
   (You bought it in a shop on level 4 of the Dungeon)

   [ring of poison resistance]

   It affects your dexterity (-2).
   It protects you from poison.
   It lets you see invisible.
   It lets you turn invisible.
 u - the ring of Xycsug (right hand) {rF+ rC+ rN+}
   (You bought it in a shop on level 2 of the Orcish Mines)

   [ring of positive energy]

   It protects you from fire.
   It protects you from cold.
   It protects you from negative energy.
 G - a +6 amulet of reflection (around neck)
   (You found it on level 2 of the Lair of Beasts)
 H - a +5 ring of strength (left hand)
   (You bought it in a shop on level 1 of the Orcish Mines)
 I - an uncursed ring of protection from magic {MR+}
   (You found it on level 9 of the Dungeon)
 P - an uncursed ring of resist corrosion {rCorr}
   (You took it off a human on level 13 of the Dungeon)
Wands
 d - a wand of digging (10)
   (You found it on level 11 of the Dungeon)
 g - a wand of disintegration (11)
   (You found it on level 7 of the Dungeon)
 x - a wand of iceblast (15)
   (You took it off Sonja on level 11 of the Dungeon)
Scrolls
 b - 5 scrolls of blinking
 f - 5 scrolls of fog
 j - 12 scrolls of remove curse
 l - 7 scrolls of teleportation {!r}
 r - 4 scrolls of identify
 y - 2 scrolls of magic mapping
 C - 2 scrolls of enchant armour
 D - 4 scrolls of enchant weapon
 N - 4 scrolls of immolation
 O - 2 scrolls of holy word
 Q - a scroll of summoning
Potions
 m - 5 potions of lignification
 p - 5 potions of might
 q - 3 potions of heal wounds
 w - 14 potions of curing
 A - 3 potions of mutation
 E - 3 potions of ambrosia
 L - 4 potions of haste
 M - 2 potions of agility
 T - 2 potions of cancellation
Miscellaneous
 v - a phantom mirror
 R - a fan of gales
   (You found it on level 1 of the Snake Pit)
 S - a lamp of fire
   (You found it in a labyrinth)
Comestibles
 e - 25 rations
 n - 2 chunks of flesh


You were on level 2 of the Shoals.
You worshipped Trog.
Trog was extremely pleased with you.
You were hungry.

You visited 5 branches of the dungeon, and saw 29 of its levels.
You also visited: Labyrinth, Bailey and Ice Cave.

You collected 3228 gold pieces.
You spent 2153 gold pieces at shops.

Dungeon Overview and Level Annotations

Branches:
Dungeon (15/15)            Temple (0/1) D:4            Lair (6/6) D:11
 Shoals (2/4) Lair:4        Snake (4/4) Lair:4        Slime (0/5) Lair:5
    Orc (2/2) D:9             Elf (0/3) Orc:2        Vaults (0/5) D:13
 Depths (0/5) D:15

Altars:
Dithmenos
Gozag
Hepliaklqana
Makhleb
Nemelex Xobeh
Ru
Uskayaw
Xom
Yredelemnul
Jiyva

Shops:
D:4 =*   D:8 [   Orc:1 =   Orc:2 ?=!:=   Snake:1 =*   Snake:2 :

Portals:
Trove: D:15 (show abyssal rune of Zot)

≈≈≈≈≈..........
.≈≈≈≈≈..........
###..≈............
##................. ≈
#.................. YC
#... #.............
≈Y.###..# #..#...)......
≈.YY....###.............
≈≈..≈≈.@........".......
≈≈≈≈≈≈≈≈..##............
≈≈≈≈≈≈≈t.###............
≈≈≈≈≈≈≈.># #............
≈≈P≈≈≈≈≈.. #..≈.....P...
≈P≈P≈≈≈≈≈....≈≈≈.....P..
≈PP≈≈≈≈≈?...≈≈≈≈......P.
PP≈.##...#.≈≈≈≈≈≈>......
P≈.. ##...≈P≈≈≈P≈.......


You could see a snapping turtle and 4 dream sheep.

Notes
Turn   | Place    | Note
-------+----------+-------------------------------------------
     0 | D:1      | theanonym the Tengu Berserker began the quest for the Orb.
     0 | D:1      | Reached XP level 1. HP: 14/14 MP: 2/2
   321 | D:1      | Reached XP level 2. HP: 19/19 MP: 3/3
   539 | D:1      | Reached skill level 4 in Axes
   722 | D:1      | Reached XP level 3. HP: 21/23 MP: 4/4
   909 | D:2      | Reached ** piety under Trog
   942 | D:2      | Noticed Jessica
   946 | D:2      | Killed Jessica
   946 | D:2      | Reached XP level 4. HP: 28/28 MP: 5/5
  1411 | D:2      | Reached skill level 5 in Axes
  1492 | D:2      | Noticed a bullfrog
  1497 | D:2      | Killed a bullfrog
  1497 | D:2      | Reached skill level 4 in Fighting
  1497 | D:2      | Gained mutation: You can fly. [Tengu growth]
  1497 | D:2      | Reached XP level 5. HP: 33/33 MP: 6/6
  1744 | D:3      | Noticed Pawles22's ghost (amateur CeHu)
  1748 | D:3      | Killed Pawles22's ghost
  1748 | D:3      | Reached skill level 6 in Axes
  1748 | D:3      | Reached XP level 6. HP: 39/39 MP: 7/7
  2051 | D:3      | Found a hazy altar of Hepliaklqana.
  2618 | D:3      | Found a sacrificial altar of Ru.
  2707 | D:4      | Reached *** piety under Trog
  2825 | D:4      | Found Nummeb's Jewellery Emporium.
  2889 | D:4      | HP: 18/39 [iguana (8)]
  3080 | D:4      | Found a staircase to the Ecumenical Temple.
  3088 | D:4      | Noticed a phantom
  3097 | D:4      | Killed a phantom
  3097 | D:4      | Reached skill level 7 in Axes
  3128 | D:4      | Reached skill level 5 in Fighting
  3140 | D:4      | Found a basalt altar of Yredelemnul.
  3143 | D:4      | Found Kumen's General Store.
  3157 | D:4      | Bought a scroll of teleportation for 33 gold pieces
  3157 | D:4      | Bought a scroll of fear for 38 gold pieces
  3383 | D:4      | Reached XP level 7. HP: 44/44 MP: 8/8
  3765 | D:5      | Entered Level 5 of the Dungeon
  3817 | D:5      | HP: 19/44 [ice beast (12)]
  3873 | D:5      | HP: 20/44 [worker ant (6)]
  4266 | D:5      | Reached skill level 8 in Axes
  4662 | D:5      | Reached skill level 1 in Shields
  4722 | D:5      | Reached XP level 8. HP: 48/51 MP: 9/9
  4795 | D:6      | HP: 21/51 [ogre/giant club (30)]
  4964 | D:6      | HP: 25/51 [wyvern skeleton (8)]
  4965 | D:6      | Reached skill level 2 in Shields
  5192 | D:6      | Reached **** piety under Trog
  5192 | D:6      | Reached skill level 6 in Fighting
  5398 | D:6      | Reached skill level 9 in Axes
  5736 | D:6      | Noticed a gargoyle
  5745 | D:6      | Killed a gargoyle
  5745 | D:6      | Reached skill level 3 in Shields
  5789 | D:6      | Found a shimmering altar of Xom.
  5795 | D:6      | Reached XP level 9. HP: 54/56 MP: 7/10
  5799 | D:6      | Reached skill level 10 in Axes
  5878 | D:7      | Found a sparkling altar of Nemelex Xobeh.
  5882 | D:7      | HP: 27/56 [ogre/giant spiked club (28)]
  5884 | D:7      | Reached skill level 7 in Fighting
  5884 | D:7      | Reached skill level 4 in Shields
  6022 | D:7      | HP: 27/57 [electric eel/bolt of electricity (7)]
  6573 | D:7      | HP: 27/57 [electric eel/bolt of electricity (10)]
  6578 | D:7      | HP: 13/57 [electric eel/bolt of electricity (9)]
  6580 | D:7      | HP: 1/57 [electric eel/bolt of electricity (9)]
  6718 | D:7      | Found a burning altar of Makhleb.
  6783 | D:7      | HP: 20/57 [wyvern zombie (11)]
  7525 | D:8      | Found Circhak's Armour Boutique.
  7538 | D:8      | Reached skill level 3 in Armour
  7538 | D:8      | Reached skill level 3 in Dodging
  7784 | D:8      | Reached skill level 11 in Axes
  7848 | D:8      | Found a shadowy altar of Dithmenos.
  7996 | D:8      | Reached skill level 4 in Dodging
  8077 | D:8      | Reached ***** piety under Trog
  8077 | D:8      | Reached skill level 4 in Armour
  8077 | D:8      | Reached XP level 10. HP: 64/64 MP: 8/11
  8740 | D:9      | Noticed a two-headed ogre
  8755 | D:9      | Killed a two-headed ogre
  8755 | D:9      | Reached skill level 8 in Fighting
  8810 | D:9      | Reached skill level 12 in Axes
  8810 | D:9      | Reached skill level 5 in Armour
  8810 | D:9      | Reached skill level 5 in Dodging
  8826 | D:9      | Found a staircase to the Orcish Mines.
  8831 | D:9      | HP: 29/64 [troll zombie (6)]
  8833 | D:9      | HP: 10/64 [orc warrior/battleaxe (16)]
  8833 | D:9      | HP: 4/64 [troll zombie (6)]
  9392 | D:9      | Found an opulent altar of Gozag.
  9572 | D:10     | Entered Level 10 of the Dungeon
  9580 | D:10     | Reached skill level 6 in Armour
  9584 | D:10     | Reached XP level 11. HP: 69/69 MP: 8/12
  9770 | D:10     | Received a gift from Trog
  9828 | D:10     | Reached skill level 13 in Axes
  9837 | D:10     | Reached skill level 9 in Fighting
  9984 | D:10     | Found a shimmering altar of Xom.
 10156 | Orc:1    | Entered Level 1 of the Orcish Mines
 10158 | Orc:1    | Noticed an orc sorcerer
 10183 | Orc:1    | Killed an orc sorcerer
 10446 | Orc:1    | Found Oga Hues's Jewellery Shop.
 10516 | Orc:2    | Entered Level 2 of the Orcish Mines
 10534 | Orc:2    | Found Keuz's Magic Scroll Shop.
 10535 | Orc:2    | Noticed an orc sorcerer
 10548 | Orc:2    | Killed an orc sorcerer
 10548 | Orc:2    | Reached skill level 7 in Armour
 10551 | Orc:2    | HP: 29/71 [ogre/giant spiked club (20)]
 10556 | Orc:2    | HP: 18/71 [ogre/giant spiked club (21)]
 10628 | Orc:2    | Noticed Maurice
 10638 | Orc:2    | Killed Maurice
 10687 | Orc:2    | Bought a scroll of identify for 28 gold pieces
 10729 | Orc:2    | Noticed an orc sorcerer
 10730 | Orc:2    | Noticed Bazinga's ghost (journeyman DEFE)
 10738 | Orc:2    | Noticed a sun demon
 10740 | Orc:2    | HP: 47/106 [sun demon[an orc sorcerer] (8)]
 10743 | Orc:2    | Killed an orc sorcerer
 10743 | Orc:2    | Reached skill level 5 in Shields
 10745 | Orc:2    | HP: 45/106 [Bazinga's ghost] (2)]
 10750 | Orc:2    | HP: 45/106 [Bazinga's ghost] (2)]
 10756 | Orc:2    | HP: 29/71 [orc warrior/trident (10)]
 10761 | Orc:2    | HP: 27/71 [Bazinga's ghost/flame tongue (13)]
 10763 | Orc:2    | Noticed an orc knight
 10764 | Orc:2    | Found a staircase to the Elven Halls.
 10767 | Orc:2    | Noticed an orc knight
 10921 | D:11     | Noticed Urug
 10921 | D:11     | Killed an unseen horror
 10922 | D:11     | Noticed Josephine
 10933 | D:11     | Noticed Psyche
 10939 | D:11     | Noticed a green ugly thing
 10943 | D:11     | Killed Josephine
 10945 | D:11     | Noticed Sonja
 10946 | D:11     | Killed a green ugly thing
 10950 | D:11     | Killed Urug
 10950 | D:11     | Reached skill level 14 in Axes
 10964 | D:11     | Killed Sonja
 10971 | D:11     | Killed Psyche
 10971 | D:11     | Reached XP level 12. HP: 74/77 MP: 13/13
 10992 | D:11     | Reached skill level 8 in Armour
 11121 | D:11     | Noticed a four-headed hydra
 11131 | D:11     | HP: 56/115 [six-headed hydra (4)]
 11132 | D:11     | Killed a seven-headed hydra
 11132 | D:11     | Reached skill level 10 in Fighting
 11132 | D:11     | Reached skill level 6 in Shields
 11138 | D:11     | Received a gift from Trog
 11290 | D:11     | Noticed a death yak
 11293 | D:11     | Found a staircase to the Lair.
 11299 | D:11     | Noticed a death yak
 11305 | D:11     | Killed a death yak
 11309 | D:11     | Killed a death yak
 11381 | D:11     | Found a hide-covered altar of Uskayaw.
 11657 | Lair:1   | Entered Level 1 of the Lair of Beasts
 11754 | Lair:1   | Reached skill level 15 in Axes
 11818 | Lair:1   | HP: 36/78 [electric eel/bolt of electricity (10)]
 11967 | Lair:1   | Reached skill level 7 in Shields
 12026 | Lair:1   | Reached skill level 9 in Armour
 12133 | Lair:1   | Received a gift from Trog
 12604 | Lair:2   | Noticed a seven-headed hydra
 12611 | Lair:2   | Killed a nine-headed hydra
 12772 | Lair:2   | Found a labyrinth entrance.
 12798 | Lab      | Entered a labyrinth
 12927 | Lab      | Noticed a minotaur
 12932 | Lab      | Killed a minotaur
 12932 | Lab      | Reached XP level 13. HP: 84/84 MP: 14/14
 12935 | Lab      | Identified the Almanac of Earthen Intoxication
 12951 | Lair:2   | Found a frozen archway.
 12960 | IceCv    | Entered an ice cave
 13197 | IceCv    | HP: 29/84 [freezing wraith (22)]
 13745 | Lair:3   | Reached skill level 11 in Fighting
 14018 | Lair:3   | Reached skill level 16 in Axes
 14018 | Lair:3   | Reached skill level 8 in Shields
 14428 | Lair:4   | Found a staircase to the Snake Pit.
 14435 | Lair:4   | Reached skill level 10 in Armour
 14764 | Lair:4   | Found a staircase to the Shoals.
 14805 | Lair:4   | Received a gift from Trog
 14955 | Lair:4   | Noticed Nessos
 14962 | Lair:4   | Killed Nessos
 15405 | Lair:5   | Gained mutation: You can fly continuously. [Tengu growth]
 15405 | Lair:5   | Reached XP level 14. HP: 84/90 MP: 15/15
 15419 | Lair:5   | Reached skill level 9 in Shields
 15440 | Lair:5   | Reached skill level 17 in Axes
 15732 | Orc:1    | Bought a +5 ring of strength for 700 gold pieces
 15970 | Lair:5   | Reached skill level 11 in Armour
 16472 | Lair:5   | Found a runed door.
 16473 | Lair:5   | Found a viscous altar of Jiyva.
 16473 | Lair:5   | Found a staircase to the Slime Pits.
 16693 | Lair:6   | Entered Level 6 of the Lair of Beasts
 16707 | Lair:6   | Reached skill level 12 in Fighting
 17402 | Lair:6   | Received a gift from Trog
 17403 | Lair:6   | Found a large runed door.
 17403 | Lair:6   | Found a large runed door.
 17463 | Lair:6   | Reached skill level 10 in Shields
 18433 | Orc:2    | Killed Bazinga's ghost
 18433 | Orc:2    | Reached skill level 18 in Axes
 18433 | Orc:2    | Reached XP level 15. HP: 76/97 MP: 16/16
 18433 | Orc:2    | HP: 64/145 [orc priest/divine providence (13)]
 18444 | Orc:2    | HP: 42/97 [orc knight/enchanted great mace (13)]
 18837 | Orc:2    | Reached skill level 12 in Armour
 18840 | Orc:2    | HP: 56/145 [orc knight/enchanted halberd (31)]
 19055 | Orc:2    | Gained mutation: Your magical capacity is low. (-10% MP) [a neqoxec]
 19056 | Orc:2    | HP: 41/97 [orc priest/divine providence (10)]
 19070 | Orc:2    | HP: 47/97 [orc warrior/dire flail (4)]
 19149 | Orc:2    | Gained mutation: Your magical capacity is very low. (-20% MP) [a neqoxec]
 19377 | Orc:2    | Reached skill level 13 in Fighting
 19523 | Orc:2    | Found Rynkaats's Distillery.
 19526 | Orc:2    | Found Ymuily's Book Shoppe.
 19527 | Orc:2    | Found Tempigh's Jewellery Emporium.
 19528 | Orc:2    | Found Assueh's Jewellery Emporium.
 19534 | Orc:2    | Bought the ring of Xycsug {rF+ rC+ rN+} for 574 gold pieces
 19538 | Orc:2    | Bought 2 potions of might for 112 gold pieces
 19538 | Orc:2    | Bought a potion of haste for 140 gold pieces
 19851 | D:4      | Bought the ring "Zipna" {+Inv rPois Dex-2 SInv} for 408 gold pieces
 20495 | D:12     | Received a gift from Trog
 20640 | D:12     | Reached skill level 11 in Shields
 20880 | D:13     | Noticed Azrael
 20909 | D:13     | Killed Azrael
 20909 | D:13     | Received a gift from Trog
 21758 | D:13     | Reached skill level 14 in Fighting
 21758 | D:13     | Reached skill level 13 in Armour
 21808 | D:13     | Reached XP level 16. HP: 95/106 MP: 13/13
 21839 | D:13     | Found a gate to the Vaults.
 22068 | D:14     | Found a sacrificial altar of Ru.
 22093 | D:14     | Noticed stickyfingers's ghost (journeyman MiBe)
 22100 | D:14     | Received a gift from Trog
 22115 | D:14     | HP: 66/159 [stickyfingers's ghost (23)]
 22121 | D:14     | HP: 65/159 [stickyfingers's ghost (2)]
 22123 | D:14     | Killed stickyfingers's ghost
 22123 | D:14     | Reached skill level 12 in Shields
 22178 | D:14     | Found a flagged portal.
 22187 | Bailey   | Entered a bailey
 22509 | Bailey   | Identified a scroll of acquirement
 23033 | D:15     | Entered Level 15 of the Dungeon
 23033 | D:15     | Found a portal to a secret trove of treasure.
 23606 | D:15     | Reached skill level 13 in Shields
 23857 | D:15     | Received a gift from Trog
 24064 | D:15     | Found a staircase to the Depths.
 24067 | D:15     | HP: 25/107 [large slime creature (77)]
 24320 | D:15     | Reached skill level 14 in Armour
 24664 | Snake:1  | Entered Level 1 of the Snake Pit
 24918 | Snake:1  | Found Onuxu's Jewellery Emporium.
 24925 | Snake:1  | Found Safur's General Store.
 24938 | Snake:1  | Bought a scroll of blinking for 120 gold pieces
 25353 | Snake:2  | Reached skill level 15 in Fighting
 25358 | Snake:2  | Reached XP level 17. HP: 113/113 MP: 14/14
 25381 | Snake:2  | Reached skill level 14 in Shields
 25641 | Snake:2  | HP: 56/113 [nagaraja/spear (5)]
 25647 | Snake:2  | HP: 76/169 [poisoned by a nagaraja (splash of poison)]
 25653 | Snake:2  | HP: 51/113 [poisoned by a nagaraja (splash of poison)]
 25658 | Snake:2  | HP: 52/113 [poisoned by a nagaraja (splash of poison)]
 25661 | Snake:2  | Received a gift from Trog
 25665 | Snake:2  | HP: 51/113 [poisoned by a nagaraja (splash of poison)]
 25672 | Snake:2  | HP: 52/113 [poisoned by a nagaraja (splash of poison)]
 26260 | Snake:2  | Found Otaeg's Book Emporium.
 26651 | Snake:3  | HP: 56/113 [poisoned by a naga ritualist (toxic radiance)]
 26658 | Snake:3  | HP: 56/113 [poisoned by a naga ritualist (toxic radiance)]
 26663 | Snake:3  | HP: 53/113 [poisoned by a naga ritualist (toxic radiance)]
 26669 | Snake:3  | HP: 52/113 [poisoned by a naga ritualist (toxic radiance)]
 26674 | Snake:3  | HP: 53/113 [poisoned by a naga ritualist (toxic radiance)]
 26974 | Snake:3  | Received a gift from Trog
 26988 | Snake:3  | HP: 56/113 [poisoned by a naga sharpshooter (splash of poison)]
 26993 | Snake:3  | HP: 51/113 [poisoned by a naga sharpshooter (splash of poison)]
 26998 | Snake:3  | HP: 48/113 [poisoned by a naga sharpshooter (splash of poison)]
 27004 | Snake:3  | HP: 46/113 [poisoned by a naga sharpshooter (splash of poison)]
 27010 | Snake:3  | HP: 44/113 [poisoned by a naga sharpshooter (splash of poison)]
 27016 | Snake:3  | HP: 44/113 [poisoned by a naga sharpshooter (splash of poison)]
 27024 | Snake:3  | HP: 44/113 [poisoned by a naga sharpshooter (splash of poison)]
 27328 | Snake:3  | Reached skill level 15 in Shields
 27688 | Snake:4  | Entered Level 4 of the Snake Pit
 27719 | Snake:4  | Noticed Aizul
 27752 | Snake:4  | Killed Aizul
 27835 | Snake:4  | Reached skill level 15 in Armour
 28143 | Snake:4  | Reached skill level 6 in Dodging
 28168 | Snake:4  | Reached skill level 16 in Fighting
 28230 | Snake:4  | Noticed Nikola
 28243 | Snake:4  | Killed Nikola
 28637 | Snake:4  | Reached XP level 18. HP: 120/120 MP: 15/15
 28923 | Snake:4  | Reached skill level 7 in Dodging
 28924 | Snake:4  | Received a gift from Trog
 28962 | Snake:4  | HP: 61/122 [anaconda/exploding inner flame[the player character] (7)]
 29249 | Snake:4  | Reached skill level 8 in Dodging
 29270 | Snake:4  | HP: 86/183 [anaconda (8)]
 29276 | Snake:4  | HP: 86/183 [poisoned by a naga warrior (splash of poison)]
 29281 | Snake:4  | HP: 85/183 [poisoned by a naga sharpshooter (splash of poison)]
 29286 | Snake:4  | HP: 73/183 [poisoned by a nagaraja (poison arrow)]
 29289 | Snake:4  | Reached skill level 16 in Armour
 29291 | Snake:4  | HP: 60/183 [poisoned by a naga warrior (splash of poison)]
 29296 | Snake:4  | HP: 51/183 [poisoned by a guardian serpent (bolt of poison)]
 29301 | Snake:4  | HP: 29/122 [poisoned by a guardian serpent (bolt of poison)]
 29409 | Snake:4  | HP: 36/122 [naga warrior/halberd (25)]
 29415 | Snake:4  | Received a gift from Trog
 29695 | Snake:4  | Got a serpentine rune of Zot
 29897 | Shoals:1 | Entered Level 1 of the Shoals
 30213 | Shoals:1 | Reached skill level 9 in Dodging
 30357 | Shoals:1 | Reached skill level 17 in Fighting
 31162 | Shoals:2 | Reached XP level 19. HP: 121/128 MP: 16/16
 31171 | Shoals:2 | Reached skill level 10 in Dodging
 31217 | Shoals:2 | Received a gift from Trog
 31279 | Shoals:2 | HP: 58/128 [merfolk impaler/trident of protection (19)]
 31396 | Shoals:2 | HP: 63/128 [poisoned by a sea snake]
 31401 | Shoals:2 | HP: 60/128 [poisoned by a sea snake]
 31407 | Shoals:2 | HP: 61/128 [poisoned by a sea snake]
 31412 | Shoals:2 | Slain by a snapping turtle

Vanquished Creatures
  Nikola (Snake:4)
  5 nagarajas
  Aizul (Snake:4)
  The ghost of Bazinga the Scorcher, a journeyman DEFE of Vehumet (Orc:2)
  The ghost of stickyfingers the Severer, a journeyman MiBe of Trog (D:14)
  Nessos (Lair:4)
  Azrael (D:13)
  A fire dragon (Lair:6)
  A minotaur (Lab)
  3 vault guards (D:13)
  Josephine (D:11)
  10 naga warriors
  2 merfolk impalers
  A catoblepas (D:14)
  15 hydras
  23 anacondas
  5 merfolk aquamancers
  A centaur warrior (D:13)
  3 merfolk avatars
  8 two-headed ogres
  2 ogre magi (D:15)
  8 death yaks
  5 orc high priests (Orc:2)
  Urug (D:11)
  15 naga sharpshooters
  4 shock serpents
  Sonja (D:11)
  3 salamander mystics
  18 sea snakes
  9 naga ritualists
  A glowing orange brain (D:15)
  2 unseen horrors
  2 wizards
  A lindwurm (Lair:6)
  3 necromancers (D:13)
  3 orc sorcerers
  11 orc knights (Orc:2)
  4 mana vipers
  14 harpies
  A deep elf mage (D:14)
  7 fauns
  13 salamanders
  16 ugly things
  3 cyclopes
  8 manticores
  2 merfolk sirens
  3 elephants (Lair:6)
  34 black mambas
  A water nymph (Shoals:2)
  13 guardian serpents
  2 molten gargoyles (Lair:6)
  15 naga magi
  Psyche (D:11)
  8 spiny frogs
  Maurice (Orc:2)
  2 gargoyles
  2 rime drakes
  15 komodo dragons
  A yaktaur (D:15)
  2 kobold demonologists
  5 freezing wraiths
  An efreet (D:14)
  6 trolls
  2 tengu conjurers (D:15)
  A polar bear (Lair:4)
  A meliai (shapeshifter) (D:15)
  6 merfolk
  14 slime creatures
  3 wind drakes
  A hornet (D:12)
  4 blink frogs (Lair:1)
  12 hippogriffs
  4 snapping turtles
  7 water elementals (Shoals:1)
  6 wraiths
  5 wyverns
  4 basilisks
  3 fire elementals (D:13)
  17 humans
  60 yaks
  3 vampire mosquitoes (D:14)
  6 hungry ghosts
  A death yak simulacrum (IceCv)
  5 wargs
  3 steam dragons
  54 nagas
  A soldier ant (D:8)
  18 water moccasins
  9 hell hounds
  18 porcupines
  7 sky beasts
  An alligator simulacrum (IceCv)
  An eye of draining (shapeshifter) (D:15)
  49 orc warriors
  3 phantoms
  8 ice beasts
  A black bear (shapeshifter) (D:15)
  The ghost of Pawles22 the Shooter, an amateur CeHu (D:3)
  20 ogres
  15 wolves
  15 centaurs
  9 crocodiles
  A big kobold (D:8)
  14 bullfrogs
  2 wyvern zombies
  A gnoll sergeant (D:10)
  2 wyvern skeletons
  4 scorpions
  A water moccasin skeleton (D:11)
  4 killer bees (D:8)
  A troll zombie (D:9)
  6 electric eels
  5 lava snakes (Lair:6)
  A howler monkey (D:6)
  8 crimson imps
  4 bullfrog zombies
  4 hounds
  A quasit (D:11)
  A bullfrog skeleton (D:5)
  3 centaur zombies
  19 orc wizards
  7 centaur skeletons
  40 orc priests
  4 jellies
  Jessica (D:2)
  9 iguanas
  A polar bear simulacrum (IceCv)
  A hell rat (D:11)
  12 worker ants
  2 killer bee zombies
  A wolf simulacrum (IceCv)
  5 ogre zombies (D:9)
  A hound skeleton (D:7)
  3 gnolls (D:10)
  15 adders
  2 shadow imps
  5 white imps (IceCv)
  4 oozes
  2 adder skeletons
  An adder zombie (D:5)
  A worm (D:2)
  A dart slug (D:2)
  4 leopard geckos
  107 orcs
  2 giant cockroaches (D:3)
  10 goblins
  12 hobgoblins
  2 jackals (D:5)
  7 quokkas
  5 ball pythons
  A ball python skeleton (D:4)
  12 bats
  5 frilled lizards
  A goblin skeleton (D:9)
  2 goblin zombies (D:9)
  A hobgoblin skeleton (D:9)
  A hobgoblin zombie (D:9)
  A jackal skeleton (D:4)
  14 kobolds
  2 orc skeletons (D:9)
  11 orc zombies (D:9)
  A quokka skeleton (D:3)
  A quokka zombie (D:8)
  6 rats
  5 fungi
  3 plants
1168 creatures vanquished.

Vanquished Creatures (collateral kills)
  An ugly thing (D:11)
1 creature vanquished.

Vanquished Creatures (others)
  A centaur warrior (D:13)
  2 naga sharpshooters
  An unseen horror (D:15)
  A cyclops (D:15)
  A faun (Shoals:2)
  A salamander (Snake:2)
  A naga mage (Snake:4)
  A komodo dragon (Lair:6)
  An ogre (Orc:2)
  4 centaurs
  A worker ant (D:6)
  7 fungi
  9 plants
31 creatures vanquished.

Grand Total: 1200 creatures vanquished

Table legend:
 A = Turns spent in this place as a percentage of turns spent in the entire game.
 B = Non-inter-level travel turns spent in this place as a percentage of non-inter-level travel turns spent in the entire game.
 C = Inter-level travel turns spent in this place as a percentage of turns spent in this place.
 D = Turns resting spent in this place as a percentage of non-inter-level travel turns spent in this place.
 E = Turns spent auto-exploring this place as a percentage of non-inter-level travel turns spent in this place.
 F = Non-inter-level travel turns spent in this place divided by the number of levels of this place that you've seen.
                   A       B       C       D       E      F
               +-------+-------+-------+-------+-------+----------------------
         Total | 100.0 | 100.0 |   7.6 |  18.7 |  56.4 | 906.6
       Dungeon |  50.3 |  49.6 |   8.8 |  19.9 |  60.0 | 960.0
          Lair |  18.2 |  17.3 |  12.0 |   4.5 |  70.4 | 836.2
        Shoals |   4.8 |   5.1 |   1.4 |   9.7 |  60.4 | 740.5
     Snake Pit |  16.5 |  17.3 |   3.3 |  30.8 |  43.4 | 1254.5
  Orcish Mines |   7.3 |   7.4 |   5.9 |  24.0 |  40.3 | 1076.0
     Labyrinth |   0.5 |   0.5 |   0.0 |   0.0 |   0.0 | 145.0
        Bailey |   1.4 |   1.5 |   0.0 |   0.0 |  48.1 | 441.0
      Ice Cave |   1.1 |   1.2 |   0.0 |  38.5 |  11.5 | 358.0
               +-------+-------+-------+-------+-------+----------------------
